[Event "XXVII RUS-chT Premier 2020"]
[Site "Sochi"]
[Date "2020.11.19"]
[Round "1.28"]
[White "Truskavetsky, Alexandr"]
[Black "Zvjaginsev, Vadim"]
[Result "0-1"]
[ECO "A41"]
[WhiteElo "2399"]
[BlackElo "2602"]
[Annotator "ChessBase"]
[PlyCount "114"]
[EventDate "2020.11.19"]
[EventType "team-tourn"]
[EventCountry "RUS"]
[SourceTitle "playchess.com"]
[Source "ChessBase"]
[SourceQuality "1"]
[TimeControl "40/5400+30:1800+30"]

1. d4 d6 2. Nf3 Nf6 3. g3 g6 4. Bg2 Bg7 5. O-O O-O 6. b3 a5 7. a4 b6 8. Bb2 Bb7 9. Nbd2 c5 10. Re1 Ne4 11. c4 Ra7 12. Nxe4 Bxe4 13. Qd2 Bxf3 14. Bxf3 cxd4 15. Bxd4 Bxd4 16. Qxd4 Na6 17. h4 Nc5 18. Qc3 Qd7 19. Rad1 Rd8 20. h5 Qe8 21. Kg2 Qf8 22. hxg6 fxg6 23. Rh1 Qf6 24. Bd5+ Kh8 25. Qe3 e6 26. Bf3 Rad7 27. Bc6 Rc7 28. Bf3 Rcd7 29. Rh4 Qe5 30. Qh6 Kg8 31. Rdh1 Rf8 32. Rg4 Rf5 33. Rd1 Qf6 34. Qe3 h5 35. Rh4 Kg7 36. Rb1 Rf7 37. b4 axb4 38. Rxb4 Nd7 39. Rb5 Ne5 40. Rf4 Rxf4 41. Qxf4 Qxf4 42. gxf4 Nxc4 43. e3 Rf5 44. Rb4 Rc5 45. e4 Kf6 46. Be2 d5 47. Bd3 Rc6 48. exd5 exd5 49. Rb5 Rd6 50. Kg3 Na5 51. Rb4 Nb7 52. Rd4 Nc5 53. Bc2 Ne6 54. Rd1 d4 55. Kf3 Nc5 56. Rg1 d3 57. Bd1 Rd4 0-1

[Event "XXVII RUS-chT Premier 2020"]
[Site "Sochi"]
[Date "2020.11.19"]
[Round "1.29"]
[White "Potkin, Vladimir"]
[Black "Alexeev, Alexey"]
[Result "1/2-1/2"]
[ECO "D45"]
[WhiteElo "2583"]
[BlackElo "2246"]
[Annotator "ChessBase"]
[PlyCount "100"]
[EventDate "2020.11.19"]
[EventType "team-tourn"]
[EventCountry "RUS"]
[SourceTitle "playchess.com"]
[Source "ChessBase"]
[SourceQuality "1"]
[TimeControl "40/5400+30:1800+30"]

1. Nf3 d5 2. e3 Nf6 3. c4 c6 4. Nc3 a6 5. d4 e6 6. b3 Bb4 7. Bd2 Nbd7 8. Bd3 O-O 9. O-O Bd6 10. Re1 Re8 11. Qc2 h6 12. h3 e5 13. cxd5 cxd5 14. e4 dxe4 15. Nxe4 Nxe4 16. Bxe4 exd4 17. Bh7+ Kh8 18. Rxe8+ Qxe8 19. Re1 Qf8 20. Nxd4 Nf6 21. Bf5 Bc5 22. Bc3 Bxd4 23. Bxd4 Qb4 24. Rd1 Bxf5 25. Qxf5 Rd8 26. Qf4 Kg8 27. Rd2 Rd5 28. Be3 Qxf4 29. Bxf4 Rxd2 30. Bxd2 Ne4 31. Bb4 f5 32. f3 Nf6 33. g4 fxg4 34. fxg4 Kf7 35. Kf2 h5 36. gxh5 Nxh5 37. Kf3 Nf6 38. Bd2 Ke6 39. Bc3 g6 40. Bxf6 Kxf6 41. Kf4 a5 42. h4 b6 43. Ke4 Ke6 44. a3 Kd6 45. Kf4 Ke6 46. Kg5 Kf7 47. Kg4 Kf6 48. Kf4 Ke6 49. Ke4 Kd6 50. Kd4 Ke6 1/2-1/2

[Event "XXVII RUS-chT Premier 2020"]
[Site "Sochi"]
[Date "2020.11.19"]
[Round "1.30"]
[White "Linker, Mikhail"]
[Black "Kornev, Alexei"]
[Result "0-1"]
[ECO "E09"]
[WhiteElo "2269"]
[BlackElo "2515"]
[Annotator "ChessBase"]
[PlyCount "164"]
[EventDate "2020.11.19"]
[EventType "team-tourn"]
[EventCountry "RUS"]
[SourceTitle "playchess.com"]
[Source "ChessBase"]
[SourceQuality "1"]
[TimeControl "40/5400+30:1800+30"]

1. Nf3 Nf6 2. c4 e6 3. g3 d5 4. Bg2 Be7 5. O-O O-O 6. d4 Nbd7 7. Nbd2 c6 8. Qc2 b6 9. b3 Bb7 10. Bb2 Rc8 11. Rad1 c5 12. Qb1 dxc4 13. Nxc4 b5 14. Nce5 Be4 15. Qa1 c4 16. bxc4 bxc4 17. Rc1 Nb6 18. Nd2 Bxg2 19. Kxg2 Qd5+ 20. f3 Qb5 21. e4 Rfd8 22. Bc3 Qa6 23. Rc2 Na4 24. Rf2 Ne8 25. Ndxc4 Rxc4 26. Nxc4 Qxc4 27. Ba5 Qxd4 28. Qxd4 Rxd4 29. Rc8 Kf8 30. Rfc2 Nb6 31. Bxb6 axb6 32. Ra8 Rd8 33. Ra7 Bc5 34. a4 Be3 35. e5 b5 36. Ra5 bxa4 37. Rxa4 g5 38. h4 h6 39. hxg5 hxg5 40. g4 Rd2+ 41. Rxd2 Bxd2 42. Rc4 Bf4 43. Rc5 Ke7 44. Kf2 Kd7 45. Ke2 Nc7 46. Kd3 Nd5 47. Ke4 Ne7 48. Rb5 Kc6 49. Rb8 Ng6 50. Rc8+ Kb7 51. Rc2 Nxe5 52. Rc5 Nc6 53. Rb5+ Kc7 54. Rb1 Kd7 55. Rb7+ Ke8 56. Rb5 Kf8 57. Rb6 Ne7 58. Ra6 Kg7 59. Ra7 Nd5 60. Rb7 Nf6+ 61. Kd3 e5 62. Rb5 e4+ 63. Ke2 Nd7 64. fxe4 Ne5 65. Rb6 Nxg4 66. Kf3 Ne5+ 67. Kg2 g4 68. Rb5 Kg6 69. Rb8 Kg7 70. Rb5 f6 71. Rb7+ Kg6 72. Rb8 Nc4 73. Rb5 Ne3+ 74. Kf2 g3+ 75. Kg1 Be5 76. Kh1 Kg5 77. Kg1 Kf4 78. Rb4 Bc3 79. Ra4 Kf3 80. Kh1 Be1 81. e5 g2+ 82. Kh2 Bg3+ 0-1

[Event "XXVII RUS-chT Premier 2020"]
[Site "Sochi"]
[Date "2020.11.20"]
[Round "2.2"]
[White "Kardashevskiy, Evgeny"]
[Black "Sakaev, Konstantin"]
[Result "1/2-1/2"]
[ECO "E32"]
[WhiteElo "2436"]
[BlackElo "2612"]
[Annotator "ChessBase"]
[PlyCount "81"]
[EventDate "2020.11.19"]
[EventType "team-tourn"]
[EventCountry "RUS"]
[SourceTitle "playchess.com"]
[Source "ChessBase"]
[SourceQuality "1"]
[TimeControl "40/5400+30:1800+30"]

1. d4 Nf6 2. c4 e6 3. Nc3 Bb4 4. Qc2 O-O 5. e4 d6 6. e5 Nfd7 7. Nf3 h6 8. Be3 dxe5 9. dxe5 Nc6 10. Rd1 Qe7 11. a3 Bxc3+ 12. Qxc3 b6 13. h4 Bb7 14. Bd3 f6 15. exf6 Nxf6 16. Bc2 Rad8 17. O-O Qf7 18. Ne5 Nxe5 19. Qxe5 Ng4 20. Qg3 Nxe3 21. fxe3 Rxd1 22. Rxd1 Bc6 23. Bd3 e5 24. Rf1 Qe7 25. Rxf8+ Kxf8 26. Qg6 Qf6 27. Qxf6+ gxf6 28. Kf2 Ke7 29. g3 Bb7 30. Ke1 Kd6 31. Kd2 c5 32. Bf5 a5 33. Kc3 Bc6 34. Kd2 Bb7 35. Kc3 Bc6 36. Kd2 Bb7 37. Kc3 Bc6 38. Kd2 Bb7 39. Kc3 Bc6 40. Kd2 Bb7 41. Kc3 1/2-1/2

[Event "XXVII RUS-chT Premier 2020"]
[Site "Sochi"]
[Date "2020.11.20"]
[Round "2.3"]
[White "Khairullin, Ildar"]
[Black "Musalov, Ruslan"]
[Result "1-0"]
[ECO "C65"]
[WhiteElo "2618"]
[BlackElo "2348"]
[Annotator "ChessBase"]
[PlyCount "49"]
[EventDate "2020.11.19"]
[EventType "team-tourn"]
[EventCountry "RUS"]
[SourceTitle "playchess.com"]
[Source "ChessBase"]
[SourceQuality "1"]
[TimeControl "40/5400+30:1800+30"]

1. e4 e5 2. Nf3 Nc6 3. Bb5 Nf6 4. d3 Ne7 5. Bc4 c6 6. Nc3 Ng6 7. d4 b5 8. dxe5 bxc4 9. exf6 Qxf6 10. Bg5 Qe6 11. O-O f6 12. Be3 Ne5 13. Nd4 Qg4 14. Qd2 Bb4 15. f4 Nf7 16. Rf3 Nd6 17. e5 Nf5 18. exf6 gxf6 19. Qe2 Nh4 20. Bf2+ Kd8 21. Bxh4 Qxh4 22. Rd1 Kc7 23. Qxc4 Ba5 24. Nd5+ Kb7 25. Nf5 1-0

[Event "XXVII RUS-chT Premier 2020"]
[Site "Sochi"]
[Date "2020.11.20"]
[Round "2.4"]
[White "Truskavetsky, Alexandr"]
[Black "Ponkratov, Pavel"]
[Result "1/2-1/2"]
[ECO "A49"]
[WhiteElo "2399"]
[BlackElo "2625"]
[Annotator "ChessBase"]
[PlyCount "82"]
[EventDate "2020.11.19"]
[EventType "team-tourn"]
[EventCountry "RUS"]
[SourceTitle "playchess.com"]
[Source "ChessBase"]
[SourceQuality "1"]
[TimeControl "40/5400+30:1800+30"]

1. d4 Nf6 2. Nf3 g6 3. g3 Bg7 4. Bg2 O-O 5. O-O d5 6. c4 Nc6 7. cxd5 Nxd5 8. e4 Nb6 9. d5 Na5 10. Nc3 c6 11. Bf4 cxd5 12. exd5 Nac4 13. Qe2 Bg4 14. Rac1 Rc8 15. h3 Bxf3 16. Bxf3 Nd6 17. Rfe1 Bf6 18. Ne4 Nxe4 19. Qxe4 Rxc1 20. Rxc1 Nc8 21. Qb4 Nd6 22. Be3 a5 23. Qb3 h5 24. g4 hxg4 25. hxg4 Qd7 26. Qb6 Rc8 27. Rxc8+ Qxc8 28. b3 Qc3 29. Kg2 Kg7 30. Qc5 Qe1 31. Qc7 g5 32. Qc1 Qxc1 33. Bxc1 Nb5 34. Bd2 b6 35. Be3 Nd4 36. Bxd4 Bxd4 37. a4 Kf6 38. Be2 Ke5 39. Bc4 f6 40. f3 Bc5 41. Kg3 Bd6 1/2-1/2

[Event "XXVII RUS-chT Premier 2020"]
[Site "Sochi"]
[Date "2020.11.20"]
[Round "2.5"]
[White "Goganov, Aleksey"]
[Black "Alexeev, Alexey"]
[Result "1-0"]
[ECO "D44"]
[WhiteElo "2602"]
[BlackElo "2246"]
[Annotator "ChessBase"]
[PlyCount "53"]
[EventDate "2020.11.19"]
[EventType "team-tourn"]
[EventCountry "RUS"]
[SourceTitle "playchess.com"]
[Source "ChessBase"]
[SourceQuality "1"]
[TimeControl "40/5400+30:1800+30"]

1. d4 d5 2. c4 c6 3. Nf3 Nf6 4. Nc3 e6 5. Bg5 dxc4 6. e4 b5 7. e5 h6 8. Bh4 g5 9. Nxg5 hxg5 10. Bxg5 Nbd7 11. g3 Qb6 12. exf6 Bb7 13. Bg2 O-O-O 14. O-O c5 15. d5 b4 16. Rb1 Qa6 17. dxe6 Bxg2 18. e7 Bxe7 19. fxe7 Rdg8 20. Kxg2 Qe6 21. h4 f6 22. Re1 Qc6+ 23. Qd5 Kb7 24. Qxc6+ Kxc6 25. Re6+ Kb7 26. Ne4 fxg5 27. e8=Q 1-0

[Event "XXVII RUS-chT Premier 2020"]
[Site "Sochi"]
[Date "2020.11.20"]
[Round "2.6"]
[White "Linker, Mikhail"]
[Black "Shimanov, Aleksandr"]
[Result "0-1"]
[ECO "B08"]
[WhiteElo "2269"]
[BlackElo "2593"]
[Annotator "ChessBase"]
[PlyCount "104"]
[EventDate "2020.11.19"]
[EventType "team-tourn"]
[EventCountry "RUS"]
[SourceTitle "playchess.com"]
[Source "ChessBase"]
[SourceQuality "1"]
[TimeControl "40/5400+30:1800+30"]

1. d4 g6 2. e4 d6 3. Nf3 Nf6 4. Nc3 Bg7 5. Be2 O-O 6. h3 a6 7. a4 Nc6 8. Be3 b6 9. O-O Bb7 10. d5 Nb4 11. Nd4 c6 12. dxc6 Nxc6 13. Nb3 Rc8 14. f4 Nd7 15. Bf3 Nc5 16. Re1 Nb4 17. Nxc5 bxc5 18. Rb1 Nc6 19. Ne2 e5 20. c3 exf4 21. Nxf4 Ne5 22. Nd5 Re8 23. Rf1 Qh4 24. Qe2 Bxd5 25. exd5 Nc4 26. Bg5 Rxe2 27. Bxh4 Rxb2 28. Rxb2 Nxb2 29. Be2 Nxa4 30. Bxa6 Ra8 31. Bb7 Rb8 32. Bc6 Nxc3 33. Re1 Rb1 34. Rxb1 Nxb1 35. Bg3 Bf8 36. Kf2 Nd2 37. Ke2 Nc4 38. Kd3 Ne5+ 39. Bxe5 dxe5 40. Ke4 Bd6 41. g4 Kg7 42. Be8 Kf6 43. h4 Ke7 44. Bb5 h5 45. gxh5 f5+ 46. Ke3 gxh5 47. Be2 Kf6 48. Bxh5 e4 49. Bd1 Ke5 50. Bb3 f4+ 51. Ke2 Kd4 52. h5 Bf8 0-1

[Event "XXVII RUS-chT Premier 2020"]
[Site "Sochi"]
[Date "2020.11.20"]
[Round "2.14"]
[White "Shubin, Kirill"]
[Black "Timofeev, Artyom"]
[Result "1/2-1/2"]
[ECO "B06"]
[WhiteElo "2441"]
[BlackElo "2585"]
[Annotator "ChessBase"]
[PlyCount "81"]
[EventDate "2020.11.19"]
[EventType "team-tourn"]
[EventCountry "RUS"]
[SourceTitle "playchess.com"]
[Source "ChessBase"]
[SourceQuality "1"]
[TimeControl "40/5400+30:1800+30"]

1. e4 g6 2. d4 Bg7 3. Nf3 d6 4. Nc3 c6 5. Be3 b5 6. Qd2 Nd7 7. Bd3 Nb6 8. h3 a5 9. O-O Nf6 10. Bh6 O-O 11. Bxg7 Kxg7 12. e5 dxe5 13. dxe5 Nfd5 14. Nxd5 Qxd5 15. Qe3 Qd8 16. Be4 Qc7 17. Qc5 Ba6 18. b3 Nd7 19. Qxc6 Qa7 20. Qc3 b4 21. Qd4 Bxf1 22. Bxa8 Qxd4 23. Nxd4 Rxa8 24. Kxf1 Nxe5 25. Re1 Kf6 26. f4 Nd7 27. a3 bxa3 28. Ra1 a4 29. Rxa3 axb3 30. Rxb3 Ra4 31. Ne2 Nc5 32. Re3 h5 33. g3 e6 34. Kg2 Ke7 35. Kf3 Kd6 36. Rc3 Ra1 37. Rc4 Rf1+ 38. Kg2 Ra1 39. Kf3 Ra3+ 40. Rc3 Ra4 41. Re3 1/2-1/2

[Event "XXVII RUS-chT Premier 2020"]
[Site "Sochi"]
[Date "2020.11.20"]
[Round "2.15"]
[White "Gaifullin, Artur"]
[Black "Usmanov, Vasily"]
[Result "1-0"]
[ECO "A46"]
[WhiteElo "2460"]
[BlackElo "2442"]
[Annotator "ChessBase"]
[PlyCount "119"]
[EventDate "2020.11.19"]
[EventType "team-tourn"]
[EventCountry "RUS"]
[SourceTitle "playchess.com"]
[Source "ChessBase"]
[SourceQuality "1"]
[TimeControl "40/5400+30:1800+30"]

1. d4 Nf6 2. Nf3 e6 3. g3 Be7 4. Bg2 O-O 5. c4 d5 6. O-O c6 7. Qc2 b6 8. Rd1 Bb7 9. Nc3 Nbd7 10. e4 dxc4 11. a4 a6 12. e5 Nd5 13. Ne4 b5 14. Bg5 c5 15. dxc5 Nb4 16. Qc3 Bxe4 17. Qxb4 Bxg5 18. Nxg5 Bxg2 19. Kxg2 Qc7 20. axb5 axb5 21. Qxb5 Nxe5 22. Rxa8 Rxa8 23. Rd6 h6 24. Ne4 f5 25. c6 Ra5 26. Qb7 Ra7 27. Qxc7 Rxc7 28. Rxe6 fxe4 29. Rxe5 Rxc6 30. Rxe4 c3 31. bxc3 Rxc3 32. g4 Kh7 33. Re3 Rc5 34. h4 h5 35. g5 Rc4 36. Kg3 Rg4+ 37. Kh3 Kg6 38. f3 Ra4 39. Kg3 Rb4 40. Re4 Rb6 41. Kf4 Ra6 42. Rd4 Re6 43. Rd5 Ra6 44. Ke5 Ra1 45. Rd6+ Kh7 46. f4 Re1+ 47. Kf5 Re8 48. Re6 Ra8 49. Re7 Ra6 50. Ke5 Ra5+ 51. Ke6 Ra6+ 52. Kf5 Ra5+ 53. Re5 Ra6 54. Rd5 Ra4 55. Ke5 g6 56. Rd7+ Kg8 57. f5 gxf5 58. Kf6 Ra6+ 59. Kxf5 Rb6 60. g6 1-0

[Event "XXVII RUS-chT Premier 2020"]
[Site "Sochi"]
[Date "2020.11.20"]
[Round "2.16"]
[White "Pershin, Denis"]
[Black "Makhmutov, Rail"]
[Result "1/2-1/2"]
[ECO "E32"]
[WhiteElo "2387"]
[BlackElo "2442"]
[Annotator "NA"]
[PlyCount "95"]
[EventDate "2020.11.19"]
[EventType "team-tourn"]
[EventCountry "RUS"]
[SourceTitle "playchess.com"]
[Source "ChessBase"]
[SourceQuality "1"]
[TimeControl "40/5400+30:1800+30"]

1. d4 Nf6 2. c4 e6 3. Nc3 Bb4 4. Qc2 O-O 5. e4 d5 6. e5 Ne4 7. Bd3 c5 8. Nf3 cxd4 9. Nxd4 Nd7 10. Bf4 Ndc5 11. O-O Bxc3 12. bxc3 Bd7 13. Be2 Na4 14. cxd5 exd5 15. f3 {[%emt 0:00:16] now scores much better than the old 15.c4. 15.Bd3 is vanishing.} Nexc3 16. Bd3 g6 17. Qd2 {[%emt 0:00:11] [#]} b5 $146 ({Predecessor:} 17... Re8 18. Rfe1 Rc8 19. Kh1 Qb6 20. Bf1 Qb2 21. Qe3 Nc5 22. Bg5 Qb6 23. Qd2 Ne6 {½-½ (75) Napalkov,V (2506)-Lelenko,A (2466) ICCF email 2013}) 18. Kh1 Qb6 19. Be3 Qc7 20. Bh6 (20. Rae1 $16) 20... Qxe5 21. Bxf8 Rxf8 22. Bc2 b4 23. f4 Qf6 24. f5 g5 25. Rae1 Nc5 $11 26. Nf3 Bb5 27. Ne5 N5e4 28. Bxe4 Nxe4 29. Qxd5 Nc3 30. Qc5 Bxf1 31. Nd7 Qh6 32. Nxf8 Qxf8 33. Qe3 Bxg2+ 34. Kxg2 Qd8 35. Qe8+ Qxe8 36. Rxe8+ Kg7 37. Ra8 Nxa2 38. Rxa7 Nc3 39. Ra6 b3 40. Rb6 Nd5 41. Rxb3 Kf6 42. Rb5 Ne3+ 43. Kf3 Nxf5 44. Rb6+ Ke5 45. Kg4 Nd4 46. Kxg5 Nf3+ 47. Kh6 Nxh2 48. Kxh7 1/2-1/2

[Event "XXVII RUS-chT Premier 2020"]
[Site "Sochi"]
[Date "2020.11.20"]
[Round "2.17"]
[White "Samusenko, Maksim"]
[Black "Timerkhanov, Alexander"]
[Result "1-0"]
[ECO "B93"]
[WhiteElo "2466"]
[BlackElo "2379"]
[Annotator "ChessBase"]
[PlyCount "153"]
[EventDate "2020.11.19"]
[EventType "team-tourn"]
[EventCountry "RUS"]
[SourceTitle "playchess.com"]
[Source "ChessBase"]
[SourceQuality "1"]
[TimeControl "40/5400+30:1800+30"]

1. e4 c5 2. Nf3 d6 3. d4 cxd4 4. Nxd4 Nf6 5. Nc3 a6 6. f4 e5 7. Nf3 Nbd7 8. Bd3 Be7 9. O-O exf4 10. Kh1 Nc5 11. Bxf4 Bg4 12. Qd2 O-O 13. Rae1 Rc8 14. Nd4 Re8 15. Qf2 Nxd3 16. cxd3 Qd7 17. Be3 Bd8 18. h3 Be6 19. Qf3 Bc7 20. Bf2 h6 21. Bh4 Bd8 22. Bg3 Ba5 23. Rc1 Bb6 24. Bf2 Bc7 25. Rce1 Ba5 26. Be3 Bd8 27. Re2 d5 28. e5 Nh7 29. Qg3 Bg5 30. h4 Bxe3 31. Rxe3 Re7 32. Ref3 Rce8 33. Nf5 Bxf5 34. Rxf5 Kh8 35. d4 f6 36. Ne2 fxe5 37. dxe5 d4 38. Nf4 Qxf5 39. Ng6+ Qxg6 40. Qxg6 Nf8 41. Qd6 Nd7 42. Qxd4 Nxe5 43. h5 Nd7 44. Kh2 Kh7 45. Qd3+ Kh8 46. Qd6 Kh7 47. Qg6+ Kg8 48. Rf4 Nf8 49. Qf5 Nh7 50. Qd5+ Kh8 51. Rf7 Nf6 52. Rxe7 Rxe7 53. Qd8+ Ng8 54. a4 Rf7 55. b4 Kh7 56. Qd3+ Kh8 57. Qd5 Re7 58. Qd8 Re6 59. Qc8 Rb6 60. Qc5 Re6 61. Kg3 Rc6 62. Qe5 Rb6 63. Qd4 Re6 64. Kf4 Re7 65. Kf5 Rf7+ 66. Ke6 Re7+ 67. Kd6 Rf7 68. Qd5 Rf6+ 69. Kc7 b6 70. Kb7 b5 71. axb5 axb5 72. Qxb5 Rf7+ 73. Ka6 Nf6 74. Qf5 Kg8 75. Qc8+ Kh7 76. Qe6 Kg8 77. b5 1-0

[Event "XXVII RUS-chT Premier 2020"]
[Site "Sochi"]
[Date "2020.11.20"]
[Round "2.18"]
[White "Askerov, Marat"]
[Black "Faizrakhmanov, Ramil"]
[Result "1/2-1/2"]
[ECO "E15"]
[WhiteElo "2338"]
[BlackElo "2450"]
[Annotator "ChessBase"]
[PlyCount "119"]
[EventDate "2020.11.19"]
[EventType "team-tourn"]
[EventCountry "RUS"]
[SourceTitle "playchess.com"]
[Source "ChessBase"]
[SourceQuality "1"]
[TimeControl "40/5400+30:1800+30"]

1. d4 Nf6 2. c4 e6 3. Nf3 b6 4. g3 Ba6 5. b3 Bb7 6. Bg2 Bb4+ 7. Bd2 a5 8. O-O O-O 9. Nc3 d5 10. cxd5 exd5 11. Ne5 Re8 12. a3 Bd6 13. Bg5 Be7 14. Qd2 Ne4 15. Nxe4 dxe4 16. Bxe7 Rxe7 17. Qc3 f6 18. Nc4 Rd7 19. e3 Qe7 20. b4 axb4 21. axb4 Rxa1 22. Rxa1 Nc6 23. b5 Nd8 24. Ra7 Bd5 25. Nd2 f5 26. Bh3 g6 27. Bf1 Kg7 28. Bc4 Ne6 29. Bxd5 Rxd5 30. Nc4 Kh6 31. Qb3 Qd7 32. Nxb6 Rxb5 33. Nxd7 Rxb3 34. Kg2 Rb1 35. h4 Rd1 36. Ra6 Nd8 37. Ra8 Nf7 38. Re8 Nd6 39. Re7 Nc8 40. Re8 Nd6 41. Re7 Nc8 42. Re6 Rc1 43. g4 fxg4 44. Rxe4 Nd6 45. Rxg4 Nf5 46. Re4 Rc2 47. Kf3 Rc1 48. Nc5 Rh1 49. Ne6 c6 50. Nd8 Rc1 51. Re6 c5 52. d5 Rd1 53. Ke4 Rd2 54. d6 c4 55. Nb7 c3 56. Re5 Nxd6+ 57. Nxd6 Rxd6 58. Rc5 Rd2 59. Kf3 Rc2 60. e4 1/2-1/2

[Event "XXVII RUS-chT Premier 2020"]
[Site "Sochi"]
[Date "2020.11.20"]
[Round "2.19"]
[White "Demchenko, Anton"]
[Black "Goryachkina, Aleksandra"]
[Result "1/2-1/2"]
[ECO "D02"]
[WhiteElo "2626"]
[BlackElo "2592"]
[Annotator "ChessBase"]
[PlyCount "85"]
[EventDate "2020.11.19"]
[EventType "team-tourn"]
[EventCountry "RUS"]
[SourceTitle "playchess.com"]
[Source "ChessBase"]
[SourceQuality "1"]
[TimeControl "40/5400+30:1800+30"]

1. d4 d5 2. Nf3 Nf6 3. Bf4 c5 4. e3 Nc6 5. Nbd2 cxd4 6. exd4 Bf5 7. Bb5 e6 8. Ne5 Qb6 9. c4 dxc4 10. a4 Qxd4 11. Nxc6 Qxf4 12. g3 Qc7 13. Nd4+ Nd7 14. Nxf5 exf5 15. Qe2+ Be7 16. O-O a6 17. Bxc4 Ne5 18. Rac1 Nxc4 19. Nxc4 O-O 20. a5 Bg5 21. f4 Qe7 22. Qxe7 Bxe7 23. Nb6 Rad8 24. Rc7 Bf6 25. b4 Rd2 26. Rxb7 Rfd8 27. Nc4 Re2 28. Ne5 Bxe5 29. fxe5 g6 30. Rf2 Rxe5 31. g4 Rdd5 32. Ra7 Re6 33. gxf5 gxf5 34. Rb7 Kg7 35. Rc2 Kg6 36. Kf2 Rd4 37. Ra2 Rdd6 38. b5 axb5 39. Rxb5 Kf6 40. Rb4 Ra6 41. Rb5 Rad6 42. Rb4 Ra6 43. Rb5 1/2-1/2

[Event "XXVII RUS-chT Premier 2020"]
[Site "Sochi"]
[Date "2020.11.20"]
[Round "2.20"]
[White "Kobalia, Mikhail"]
[Black "Alekseev, Evgeny"]
[Result "1/2-1/2"]
[ECO "D52"]
[WhiteElo "2590"]
[BlackElo "2615"]
[Annotator "ChessBase"]
[PlyCount "68"]
[EventDate "2020.11.19"]
[EventType "team-tourn"]
[EventCountry "RUS"]
[SourceTitle "playchess.com"]
[Source "ChessBase"]
[SourceQuality "1"]
[TimeControl "40/5400+30:1800+30"]

1. d4 Nf6 2. c4 e6 3. Nf3 d5 4. Nc3 Nbd7 5. Bg5 c6 6. e3 Qa5 7. cxd5 exd5 8. Bd3 Ne4 9. O-O Nxg5 10. Nxg5 Nf6 11. Qc2 h6 12. Nf3 Bd6 13. Rae1 O-O 14. Ne5 a6 15. f4 c5 16. Kh1 Qd8 17. Qe2 b5 18. Qf3 Bb7 19. g4 b4 20. g5 hxg5 21. fxg5 Bxe5 22. gxf6 Bxf6 23. Ne2 Re8 24. Ng3 cxd4 25. exd4 Rxe1 26. Rxe1 Bxd4 27. Qh5 g6 28. Bxg6 fxg6 29. Qxg6+ Bg7 30. Qe6+ Kh8 31. Qh3+ Kg8 32. Qe6+ Kh8 33. Qh3+ Kg8 34. Qe6+ Kh8 1/2-1/2

[Event "XXVII RUS-chT Premier 2020"]
[Site "Sochi"]
[Date "2020.11.20"]
[Round "2.21"]
[White "Kokarev, Dmitry"]
[Black "Demidov, Mikhail"]
[Result "1-0"]
[ECO "B08"]
[WhiteElo "2621"]
[BlackElo "2526"]
[Annotator "ChessBase"]
[PlyCount "103"]
[EventDate "2020.11.19"]
[EventType "team-tourn"]
[EventCountry "RUS"]
[SourceTitle "playchess.com"]
[Source "ChessBase"]
[SourceQuality "1"]
[TimeControl "40/5400+30:1800+30"]

1. e4 g6 2. d4 Bg7 3. Nf3 d6 4. Be2 Nf6 5. Nc3 c5 6. d5 O-O 7. O-O Na6 8. h3 Nc7 9. a4 e6 10. dxe6 Nxe6 11. Bc4 b6 12. Nb5 Ba6 13. Re1 Bxb5 14. axb5 Re8 15. Ra3 Qc7 16. Rd3 Rad8 17. Bxe6 fxe6 18. Bf4 e5 19. Bg5 Qd7 20. c4 Qe6 21. Rc3 Rd7 22. Bxf6 Bxf6 23. Qd5 Qxd5 24. cxd5 Rf8 25. Ra1 Rff7 26. g3 Kg7 27. Kg2 Kg8 28. Nd2 Bg5 29. Nc4 Rfe7 30. Rf3 Kg7 31. Kf1 h5 32. Ke2 Re8 33. Rg1 Rh8 34. Ra3 Rf8 35. h4 Bh6 36. Rf3 Rh8 37. g4 hxg4 38. Rfg3 Bf4 39. Rxg4 Rh6 40. h5 g5 41. Rxf4 exf4 42. Rxg5+ Kf8 43. Kf3 Rf6 44. e5 dxe5 45. Ke4 Rg7 46. Rxg7 Kxg7 47. d6 Rf8 48. Nxe5 Rd8 49. d7 Kf6 50. h6 f3 51. b3 Ke6 52. h7 1-0

[Event "XXVII RUS-chT Premier 2020"]
[Site "Sochi"]
[Date "2020.11.20"]
[Round "2.22"]
[White "Murzin, Volodar"]
[Black "Makarian, Rudik"]
[Result "1/2-1/2"]
[ECO "C44"]
[WhiteElo "2470"]
[BlackElo "2441"]
[Annotator "ChessBase"]
[PlyCount "46"]
[EventDate "2020.11.19"]
[EventType "team-tourn"]
[EventCountry "RUS"]
[SourceTitle "playchess.com"]
[Source "ChessBase"]
[SourceQuality "1"]
[TimeControl "40/5400+30:1800+30"]

1. e4 e5 2. Nf3 Nc6 3. d4 exd4 4. Nxd4 Nf6 5. Nxc6 bxc6 6. Bd3 d5 7. Qe2 dxe4 8. Bxe4 Nxe4 9. Qxe4+ Qe7 10. Qxe7+ Bxe7 11. O-O O-O 12. Re1 Bf6 13. Nd2 Bf5 14. Ne4 Bxe4 15. Rxe4 Rfd8 16. Kf1 Rab8 17. c3 Rd1+ 18. Re1 Rd5 19. Re2 Rd1+ 20. Re1 Rd5 21. Re2 Rd1+ 22. Re1 Rd5 23. Re2 Rd1+ 1/2-1/2

[Event "XXVII RUS-chT Premier 2020"]
[Site "Sochi"]
[Date "2020.11.20"]
[Round "2.23"]
[White "Petrov, Nikita"]
[Black "Belyakov, Bogdan"]
[Result "1/2-1/2"]
[ECO "D80"]
[WhiteElo "2577"]
[BlackElo "2450"]
[Annotator "ChessBase"]
[PlyCount "139"]
[EventDate "2020.11.19"]
[EventType "team-tourn"]
[EventCountry "RUS"]
[SourceTitle "playchess.com"]
[Source "ChessBase"]
[SourceQuality "1"]
[TimeControl "40/5400+30:1800+30"]

1. d4 Nf6 2. c4 g6 3. Nc3 d5 4. Bg5 Bg7 5. Bxf6 Bxf6 6. cxd5 a6 7. e4 c6 8. e5 Bg7 9. Bc4 b5 10. Bb3 b4 11. Ne4 cxd5 12. Ba4+ Bd7 13. Nc5 O-O 14. Nxd7 Nxd7 15. Bc6 Ra7 16. Bxd5 Nxe5 17. dxe5 Rd7 18. Bxf7+ Rxf7 19. Qe2 Rd5 20. Nf3 Qa5 21. O-O Bxe5 22. Rad1 Rxd1 23. Rxd1 Bf6 24. b3 Rf8 25. h3 Qb6 26. Qe4 a5 27. h4 Rd8 28. Rd5 Rxd5 29. Qxd5+ Kg7 30. h5 Qc7 31. g3 Qa7 32. g4 gxh5 33. g5 Bc3 34. Nh4 Qc7 35. Nf5+ Kg6 36. Nh4+ Kg7 37. Qe6 Qc5 38. Nf5+ Kf8 39. Qh6+ Kg8 40. Qe6+ Kf8 41. Qh6+ Kg8 42. g6 hxg6 43. Qxg6+ Kf8 44. Qh6+ Ke8 45. Qxh5+ Kd7 46. Qf3 Bf6 47. Qd3+ Kc7 48. Ng3 Qc3 49. Qe2 Qc1+ 50. Kg2 Qc6+ 51. Ne4 Be5 52. Qd3 Bd6 53. Kf3 a4 54. bxa4 Qxa4 55. Qc4+ Qc6 56. Qd4 Qa8 57. Qc4+ Qc6 58. Qxc6+ Kxc6 59. Nxd6 Kxd6 60. Ke4 Kc5 61. f4 Kc4 62. f5 Kc3 63. Kd5 Kb2 64. Kc4 Kxa2 65. Kxb4 Kb2 66. Kc4 Kc2 67. Kd5 Kd3 68. Ke6 Ke4 69. f6 exf6 70. Kxf6 1/2-1/2

[Event "XXVII RUS-chT Premier 2020"]
[Site "Sochi"]
[Date "2020.11.20"]
[Round "2.24"]
[White "Savitskiy, Sergey"]
[Black "Zakhartsov, Vladimir"]
[Result "1/2-1/2"]
[ECO "B50"]
[WhiteElo "2451"]
[BlackElo "2484"]
[Annotator "ChessBase"]
[PlyCount "47"]
[EventDate "2020.11.19"]
[EventType "team-tourn"]
[EventCountry "RUS"]
[SourceTitle "playchess.com"]
[Source "ChessBase"]
[SourceQuality "1"]
[TimeControl "40/5400+30:1800+30"]

1. e4 c5 2. Nf3 d6 3. Nc3 a6 4. g3 Nf6 5. e5 dxe5 6. Nxe5 Qc7 7. d4 cxd4 8. Qxd4 Nc6 9. Nxc6 Qxc6 10. Bg5 Bg4 11. Bxf6 Bf3 12. Bxg7 Rg8 13. Bxf8 Bxh1 14. Bxe7 Qe6+ 15. Kd2 Qh6+ 16. Qe3 Qxe3+ 17. Kxe3 Kxe7 18. Bxa6 Rxa6 19. Rxh1 Rd8 20. g4 Rb6 21. Rb1 Rh6 22. Rh1 Rb6 23. Rb1 Rh6 24. Rh1 1/2-1/2